 Dungeon Crawl Stone Soup version 0.28.0-45-g0d030f2227 (webtiles) character file.

Game seed: 16355088729806115941

35 Ablot the Grasshopper (level 3, -1/31 HPs)
             Began as a Gnoll Warper on Apr 7, 2022.
             Slain by a ball python (2 damage)
             ... on level 2 of the Dungeon.
             The game lasted 00:01:11 (1268 turns).

Ablot the Grasshopper (Gnoll Warper)                Turns: 1268, Time: 00:01:11

Health: -1/31      AC:  3    Str: 12    XL:     3   Next: 33%
Magic:  9/9        EV: 12    Int: 12    God:
Gold:   20         SH:  0    Dex: 11    Spells: 10/12 levels left

rFire   . . .      SeeInvis .   n - +2 whip (venom)
rCold   . . .      Faith    .   (no shield)
rNeg    . . .      Spirit   .   b - +0 leather armour
rPois   .          Reflect  .   (no helmet)
rElec   .          Harm     .   (no cloak)
rCorr   .          Rampage  .   (no gloves)
Will    .....                   (no boots)
Stlth   +.........              (no amulet)
HPRegen 0.10/turn               (no ring)
MPRegen 0.11/turn               (no ring)

@: no status effects
A: fangs 1, strong nose, distributed training
a: no special abilities


You were on level 2 of the Dungeon.
You visited 1 branch of the dungeon, and saw 2 of its levels.

You collected 20 gold pieces.

Inventory:

Hand Weapons
 a - a +0 spear
 n - a +2 whip of venom (weapon)
Missiles
 d - 5 boomerangs of dispersal
 j - 52 stones
 l - 6 curare-tipped darts (quivered)
 o - 4 javelins
Armour
 b - a +0 leather armour (worn)
Scrolls
 c - a scroll of blinking
 e - a scroll of silence {unknown}
 f - a scroll of immolation {unknown}
 g - a scroll of magic mapping {unknown}
 h - 2 scrolls of teleportation {unknown}
 k - a scroll of identify {unknown}
 m - a scroll of vulnerability {unknown}
Potions
 i - a potion of heal wounds {unknown}


   Skills:
 + Level 4.5 Fighting
 + Level 0.7 Short Blades
 + Level 0.7 Long Blades
 + Level 0.7 Axes
 + Level 0.7 Maces & Flails
 + Level 4.5 Polearms
 + Level 0.7 Staves
 + Level 0.7 Slings
 + Level 0.7 Bows
 + Level 0.7 Crossbows
 + Level 2.6 Throwing
 + Level 2.6 Armour
 + Level 4.5 Dodging
 + Level 0.7 Stealth
 + Level 0.7 Shields
 + Level 0.7 Unarmed Combat
 + Level 5.0 Spellcasting
 + Level 0.5 Conjurations
 + Level 0.5 Hexes
 + Level 0.5 Summonings
 + Level 0.5 Necromancy
 + Level 5.4 Translocations
 + Level 0.5 Transmutations
 + Level 0.5 Fire Magic
 + Level 0.5 Ice Magic
 + Level 0.5 Air Magic
 + Level 0.5 Earth Magic
 + Level 0.5 Poison Magic
 + Level 0.9 Invocations
 + Level 0.7 Evocations


You had 10 spell levels left.
You knew the following spells:

 Your Spells              Type           Power      Damage    Failure   Level
a - Blink                 Tloc           32%        N/A       4%          2

Your spell library contained the following spells:

 Spells                   Type           Power      Damage    Failure   Level
 Gell's Gravitas          Tloc           16%        N/A       9%          3
 Lesser Beckoning         Tloc           16%        N/A       9%          3
 Teleport Other           Tloc           16%        N/A       9%          3
 Manifold Assault         Tloc           16%        N/A       58%         5


Dungeon Overview and Level Annotations

Branches:
Dungeon (2/15)

Altars:

Annotations:
D:2 Sigmund


Innate Abilities, Weirdness & Mutations

You have very sharp teeth.
Your uncanny sense of smell can sniff out nearby items.
Your experience applies equally to all skills.


Message History

You feel sick.
You feel sick.
You feel sick.
You are no longer poisoned.
Your +2 whip of venom begins to drip with poison!
n - a +2 whip of venom (weapon)
You start resting.
HP restored.
You start waiting.
Done waiting.
o - 4 javelins You now have 20 gold pieces (gained 10).
Found a stone staircase leading down.
Found a ring mail.
You see here a +0 ring mail.
Sigmund the Dreaded comes into view.
He is wielding a +0 scythe and wearing a +2 robe of willpower.
A ball python comes into view.
Sigmund shouts!
The ball python hisses angrily.
Sigmund smiles chillingly.
Sigmund misses you. Sigmund casts a spell at you.
You resist with significant effort.
You hit Sigmund but do no damage.
Sigmund drinks a potion.
Sigmund suddenly seems more resistant.
You barely miss Sigmund. You bite Sigmund, but do no damage.
The ball python closely misses you. The ball python misses you.
Sigmund gestures wildly while chanting.
Sigmund flickers and vanishes!
Deactivating autopickup; reactivate with Ctrl-A.
You hit something. The ball python bites you.
The ball python closely misses you. Something hits you!
The ball python closely misses you. The ball python barely misses you.
You miss something.
The ball python barely misses you. x2; Something hits you!
You barely miss something. The ball python closely misses you.
The ball python barely misses you.
You miss something. The ball python misses you.
The ball python barely misses you. Something hits you!
* * * LOW HITPOINT WARNING * * *
The ball python bites you.
You die...

###.## ###PP##
.....# ##...P.##
###..# #..PPP.P#
.##..# .P.♣♣P.#
.....#
########..P!P.##.
.###.#
#................
.# #.#
#.#######...♣P.#
.# #.#
#.........S.P♣ .#
#.###.#######@.♣♣♣
.###.....# #{P..♣
.........# #...♣PP
##########
###..P.# #####


You could see a ball python.

Vanquished Creatures
  An adder (D:2)
  2 bats (D:1)
  2 endoplasms
  2 giant cockroaches (D:1)
  3 hobgoblins
  2 jackals (D:1)
  2 quokkas (D:1)
  2 ball pythons (D:1)
  3 frilled lizards
  5 kobolds
24 creatures vanquished.

Vanquished Creatures (others)
  10 plants (D:2)
10 creatures vanquished.

Grand Total: 34 creatures vanquished

Notes
Turn   | Place    | Note
-------+----------+-------------------------------------------
     0 | D:1      | Ablot the Gnoll Warper began the quest for the Orb.
     0 | D:1      | Reached XP level 1. HP: 20/20 MP: 6/6
    94 | D:1      | Reached XP level 2. HP: 23/26 MP: 7/7
    97 | D:1      | Learned a level 2 spell: Blink
   261 | D:1      | Found a faded altar of an unknown god.
   593 | D:2      | Reached skill level 5 in Spellcasting
   593 | D:2      | Reached XP level 3. HP: 17/31 MP: 7/9
  1259 | D:2      | Noticed Sigmund
  1268 | D:2      | HP: 1/31 [something (9)]
  1268 | D:2      | Slain by a ball python

Illustrated notes

Levels and vault maps discovered:
D:1:      mrwooster_arrival_statue, layout_rooms, basic_ecumenical_altar,
          st_stairs_14, minmay_misc_feat_rugged
D:2:      layout_loops_ring, serial_shops, shop, serial_forest,
          infiniplex_forest_corner_2, infiniplex_forest_clump_double,
          infiniplex_forest_clump_double, infiniplex_forest_lined_3,
          infiniplex_forest_straight_4, infiniplex_forest_lined_room_2,
          infiniplex_forest_clump_cross, minmay_misc_feat_hallway, uniq_sigmund,
          uniq_natasha

Skill      XL: |  1  2 |
---------------+-------+-----
Spellcasting   | 5 |  5.0
Fighting       | |  4.5
Short Blades   | |  0.7
Long Blades    | |  0.7
Axes           | |  0.7
Maces & Flails | |  0.7
Polearms       | |  4.5
Staves         | |  0.7
Slings         | |  0.7
Bows           | |  0.7
Crossbows      | |  0.7
Throwing       | |  2.6
Armour         | |  2.6
Dodging        | |  4.5
Stealth        | |  0.7
Shields        | |  0.7
Unarmed Combat | |  0.7
Conjurations   | |  0.5
Hexes          | |  0.5
Summonings     | |  0.5
Necromancy     | |  0.5
Translocations | |  5.4
Transmutations | |  0.5
Fire Magic     | |  0.5
Ice Magic      | |  0.5
Air Magic      | |  0.5
Earth Magic    | |  0.5
Poison Magic   | |  0.5
Invocations    | |  0.9
Evocations     | |  0.7

Action                   || total
-------------------------++-------
Melee: Spear             ||    81
       Bite              ||     4
       Whip              ||     6
       Punch             ||     1
Armor: Leather armour    ||    10
Dodge: Dodged            ||    40
